| TOP OF THE 1ST |
|
Calgary Flames batting - Pitching for Tijuana Toros : LHP Antonio Sandoval
|
|
Pitching: LHP Antonio Sandoval
|
|
|
Batting: RHB Peter Frankel
|
0-0: Foul Ball, location: 2F 0-1: Fly out, F5 (Popup, 25F, EV 80.0 MPH)
|
|
Batting: RHB Andre Thompson
|
0-0: Ground out 4-3 (Groundball, 4, EV 101.9 MPH)
|
|
Batting: RHB Norinaga Yamakawakamatsu
|
0-0: Ball 1-0: SOLO HOME RUN (Flyball, 7D, EV 98.8 MPH), Distance : 393 ft
|
|
Batting: RHB Ahmed Elezi
|
0-0: Ball 1-0: Foul Ball, location: 2F 1-1: Ball 2-1: Swinging Strike 2-2: Foul Ball, location: 2F 2-2: Ball 3-2: Foul Ball, location: 2F 3-2: Foul Ball, location: 2F 3-2: SOLO HOME RUN (Flyball, 78XD, EV 111.2 MPH), Distance : 417 ft
|
|
Batting: LHB Gary Corrales
|
0-0: Foul Ball, location: 2F 0-1: Ball 1-1: Ball 2-1: Foul Ball, location: 2F 2-2: Foul Ball, location: 2F 2-2: Ball 3-2: Strikes out looking
|
| Top of the 1st over - 2 runs, 2 hits, 0 errors, 0 left on base; Calgary 2 - Tijuana 0 |
| BOTTOM OF THE 1ST |
|
Tijuana Toros batting - Pitching for Calgary Flames : RHP Nick Munk
|
|
Pitching: RHP Nick Munk
|
|
|
Batting: SHB Erick Hamburger
|
0-0: Called Strike 0-1: Ground out 6-3 (Groundball, 6, EV 101.9 MPH)
|
|
Batting: RHB Guo Kwok
|
0-0: Called Strike 0-1: Ball 1-1: Swinging Strike 1-2: Foul Ball, location: 2F 1-2: Ball 2-2: Strikes out swinging
|
|
Batting: RHB Shiki Nomoto
|
0-0: Foul Ball, location: 2F 0-1: Fly out, F9 (Line Drive, 89D, EV 92.5 MPH)
|
| Bottom of the 1st over - 0 runs, 0 hits, 0 errors, 0 left on base; Calgary 2 - Tijuana 0 |
| TOP OF THE 2ND |
|
Calgary Flames batting - Pitching for Tijuana Toros : LHP Antonio Sandoval
|
|
Batting: LHB Ben Landry
|
0-0: Ball 1-0: Called Strike 1-1: Called Strike 1-2: Foul Ball, location: 2F 1-2: Ball 2-2: Strikes out swinging
|
|
Batting: RHB Andy Thomas
|
0-0: Ball 1-0: Swinging Strike 1-1: Swinging Strike 1-2: Strikes out swinging
|
|
Batting: RHB Tyler Johnson
|
0-0: Called Strike 0-1: Foul Ball, location: 2F 0-2: Foul Ball, location: 2F 0-2: Ball 1-2: Ball 2-2: Foul Ball, location: 2F 2-2: Foul Ball, location: 2F 2-2: Foul Ball, location: 2F 2-2: Ball 3-2: Foul Ball, location: 2F 3-2: Strikes out looking
|
| Top of the 2nd over - 0 runs, 0 hits, 0 errors, 0 left on base; Calgary 2 - Tijuana 0 |
| BOTTOM OF THE 2ND |
|
Tijuana Toros batting - Pitching for Calgary Flames : RHP Nick Munk
|
|
Batting: RHB Will Barksdale
|
0-0: Swinging Strike 0-1: Called Strike 0-2: Foul Ball, location: 2F 0-2: Ball 1-2: Foul Ball, location: 2F 1-2: Ball 2-2: Fly out, F8 (Flyball, 8RXD, EV 82.5 MPH)
|
|
Batting: RHB Tan-ming Kwan
|
0-0: Called Strike 0-1: Foul Ball, location: 2F 0-2: Foul Ball, location: 2F 0-2: Ball 1-2: Foul Ball, location: 2F 1-2: Foul Ball, location: 2F 1-2: Foul Ball, location: 2F 1-2: Ball 2-2: Ball 3-2: Foul Ball, location: 2F 3-2: Strikes out looking
|
|
Batting: RHB Jerry Afghani
|
0-0: Ball 1-0: Fly out, F9 (Line Drive, 9, EV 97.5 MPH)
|
| Bottom of the 2nd over - 0 runs, 0 hits, 0 errors, 0 left on base; Calgary 2 - Tijuana 0 |
| TOP OF THE 3RD |
|
Calgary Flames batting - Pitching for Tijuana Toros : LHP Antonio Sandoval
|
|
Batting: RHB Pablo Henriquez
|
0-0: Ball 1-0: Ball 2-0: Called Strike 2-1: Swinging Strike 2-2: Fly out, F9 (Flyball, 89S, EV 83.1 MPH)
|
|
Batting: RHB Peter Frankel
|
0-0: Ball 1-0: Fly out, F4 (Popup, 23, EV 88.8 MPH)
|
|
Batting: RHB Andre Thompson
|
0-0: Called Strike 0-1: Ball 1-1: Swinging Strike 1-2: Ball 2-2: Foul Ball, location: 2F 2-2: Ball 3-2: Foul Ball, location: 2F 3-2: Strikes out swinging
|
| Top of the 3rd over - 0 runs, 0 hits, 0 errors, 0 left on base; Calgary 2 - Tijuana 0 |
| BOTTOM OF THE 3RD |
|
Tijuana Toros batting - Pitching for Calgary Flames : RHP Nick Munk
|
|
Batting: RHB Yok-sing Zhào
|
0-0: Fly out, F9 (Line Drive, 9, EV 88.1 MPH)
|
|
Batting: RHB Mario Diaz
|
0-0: Ball 1-0: Reached on error, E2 (Groundball, 2L, EV 43.8 MPH)
|
|
Batting: RHB Clay Holgate
|
0-0: Called Strike 0-1: Called Strike 0-2: Ball 1-2: Ball 2-2: Strikes out swinging
|
|
Batting: SHB Erick Hamburger
|
0-0: Swinging Strike 0-1: Ground out 1-3 (Groundball, 13S, EV 67.5 MPH)
|
| Bottom of the 3rd over - 0 runs, 0 hits, 1 error, 1 left on base; Calgary 2 - Tijuana 0 |
| TOP OF THE 4TH |
|
Calgary Flames batting - Pitching for Tijuana Toros : LHP Antonio Sandoval
|
|
Batting: RHB Norinaga Yamakawakamatsu
|
0-0: Called Strike 0-1: Ball 1-1: Ball 2-1: Foul Ball, location: 2F 2-2: Foul Ball, location: 2F 2-2: Foul Ball, location: 2F 2-2: DOUBLE (Groundball, 5L, EV 100.0 MPH)
|
|
Batting: RHB Ahmed Elezi
|
0-0: Called Strike 0-1: Ball 1-1: Foul Ball, location: 2F 1-2: Ball 2-2: Ball 3-2: Base on Balls
|
|
Batting: LHB Gary Corrales
|
0-0: Ball 1-0: Swinging Strike 1-1: Ball 2-1: Ball 3-1: Swinging Strike 3-2: Base on Balls Norinaga Yamakawakamatsu to third Ahmed Elezi to second
|
|
Batting: LHB Ben Landry
|
0-0: Called Strike 0-1: Ball 1-1: Foul Ball, location: 2F 1-2: Strikes out swinging
|
|
Batting: RHB Andy Thomas
|
0-0: Called Strike 0-1: Swinging Strike 0-2: Ball 1-2: Fly out, F9 (Line Drive, 89S, EV 91.9 MPH) Runner from 3rd tags up, SCORES, throw by RF
|
|
Batting: RHB Tyler Johnson
|
0-0: Called Strike 0-1: Called Strike 0-2: Foul Ball, location: 2F 0-2: Foul Ball, location: 2F 0-2: DOUBLE (Line Drive, 7LS, EV 107.5 MPH) Ahmed Elezi scores Gary Corrales to third
|
|
Batting: RHB Pablo Henriquez
|
0-0: Called Strike 0-1: Called Strike 0-2: Ball 1-2: Foul Ball, location: 2F 1-2: Ball 2-2: Ball 3-2: Strikes out swinging
|
| Top of the 4th over - 2 runs, 2 hits, 0 errors, 2 left on base; Calgary 4 - Tijuana 0 |
| BOTTOM OF THE 4TH |
|
Tijuana Toros batting - Pitching for Calgary Flames : RHP Nick Munk
|
|
Batting: RHB Guo Kwok
|
0-0: Called Strike 0-1: Ball 1-1: Ball 2-1: Ball 3-1: Called Strike 3-2: Fly out, F7 (Flyball, 7LM, EV 96.2 MPH)
|
|
Batting: RHB Shiki Nomoto
|
0-0: Fly out, F8 (Flyball, 8LD, EV 88.1 MPH)
|
|
Batting: RHB Will Barksdale
|
0-0: Called Strike 0-1: Ball 1-1: Fly out, F9 (Flyball, 9, EV 90.6 MPH)
|
| Bottom of the 4th over - 0 runs, 0 hits, 0 errors, 0 left on base; Calgary 4 - Tijuana 0 |
| TOP OF THE 5TH |
|
Calgary Flames batting - Pitching for Tijuana Toros : LHP Antonio Sandoval
|
|
Batting: RHB Peter Frankel
|
0-0: Called Strike 0-1: Ball 1-1: Foul Ball, location: 2F 1-2: Ball 2-2: Foul Ball, location: 2F 2-2: Strikes out swinging
|
|
Batting: RHB Andre Thompson
|
0-0: Called Strike 0-1: Called Strike 0-2: Ball 1-2: Foul Ball, location: 2F 1-2: Ball 2-2: Strikes out looking
|
|
Pitching: RHP Juan Serrano
|
|
|
Batting: RHB Norinaga Yamakawakamatsu
|
0-0: Called Strike 0-1: SINGLE (Groundball, 34D, EV 96.2 MPH)
|
|
Batting: RHB Ahmed Elezi
|
0-0: Ball 1-0: Foul Ball, location: 2F 1-1: Ball 2-1: Foul Ball, location: 2F 2-2: Ball 3-2: 2-RUN HOME RUN (Flyball, 78XD, EV 112.5 MPH), Distance : 428 ft
|
|
Batting: LHB Gary Corrales
|
0-0: Ball 1-0: Called Strike 1-1: Ball 2-1: Fly out, F9 (Flyball, 89M, EV 84.4 MPH)
|
| Top of the 5th over - 2 runs, 2 hits, 0 errors, 0 left on base; Calgary 6 - Tijuana 0 |
| BOTTOM OF THE 5TH |
|
Tijuana Toros batting - Pitching for Calgary Flames : RHP Nick Munk
|
|
Batting: RHB Tan-ming Kwan
|
0-0: Ground out 5-3 (Groundball, 5S, EV 91.2 MPH)
|
|
Batting: RHB Jerry Afghani
|
0-0: Ball 1-0: Ball 2-0: Ball 3-0: Called Strike 3-1: SINGLE (Line Drive, 4D, EV 105.6 MPH)
|
|
Batting: RHB Yok-sing Zhào
|
0-0: Ball 1-0: Foul Ball, location: 2F 1-1: Foul Ball, location: 2F 1-2: Foul Ball, location: 2F 1-2: Strikes out swinging
|
|
Batting: RHB Mario Diaz
|
0-0: Ball Jerry Afghani is caught stealing 2nd base 2-4
|
| Bottom of the 5th over - 0 runs, 1 hit, 0 errors, 0 left on base; Calgary 6 - Tijuana 0 |
| TOP OF THE 6TH |
|
Calgary Flames batting - Pitching for Tijuana Toros : RHP Juan Serrano
|
|
Batting: LHB Ben Landry
|
0-0: Ball 1-0: Called Strike 1-1: SOLO HOME RUN (Flyball, 89XD, EV 103.1 MPH), Distance : 406 ft
|
|
Batting: RHB Andy Thomas
|
0-0: Ball 1-0: Called Strike 1-1: Ground out 6-3 (Groundball, 6, EV 99.4 MPH)
|
|
Batting: RHB Tyler Johnson
|
0-0: Ball 1-0: Ball 2-0: Foul Ball, location: 2F 2-1: Swinging Strike 2-2: Strikes out swinging
|
|
Batting: RHB Pablo Henriquez
|
0-0: Ball 1-0: Swinging Strike 1-1: Fly out, F5 (Line Drive, 5, EV 73.8 MPH)
|
| Top of the 6th over - 1 run, 1 hit, 0 errors, 0 left on base; Calgary 7 - Tijuana 0 |
| BOTTOM OF THE 6TH |
|
Tijuana Toros batting - Pitching for Calgary Flames : RHP Nick Munk
|
|
Batting: RHB Mario Diaz
|
0-0: Called Strike 0-1: Swinging Strike 0-2: Ball 1-2: Fly out, F8 (Line Drive, 8RD, EV 110.6 MPH)
|
|
Batting: RHB Clay Holgate
|
0-0: Ball 1-0: Called Strike 1-1: Called Strike 1-2: Ball 2-2: Strikes out swinging
|
|
Batting: SHB Erick Hamburger
|
0-0: Called Strike 0-1: Ball 1-1: Fly out, F7 (Flyball, 78M, EV 83.1 MPH)
|
| Bottom of the 6th over - 0 runs, 0 hits, 0 errors, 0 left on base; Calgary 7 - Tijuana 0 |
| TOP OF THE 7TH |
|
Calgary Flames batting - Pitching for Tijuana Toros : RHP Juan Serrano
|
|
Pinch Hitting: RHB Antonio Martinez
|
0-0: Fly out, F5 (Popup, 25, EV 95.6 MPH)
|
|
Pinch Hitting: LHB Garrett Dodge
|
0-0: SINGLE (Line Drive, 7LS, EV 93.8 MPH)
|
|
Batting: RHB Norinaga Yamakawakamatsu
|
0-0: Called Strike 0-1: Ground out 4-3 (Groundball, 6MD, EV 110.0 MPH) Garrett Dodge to second
|
|
Batting: RHB Ahmed Elezi
|
0-0: Ball 1-0: Ball 2-0: Called Strike 2-1: Ball Wild Pitch! Garrett Dodge to third 3-1: Base on Balls
|
|
Batting: LHB Gary Corrales
|
0-0: Called Strike 0-1: Swinging Strike 0-2: Strikes out looking
|
| Top of the 7th over - 0 runs, 1 hit, 0 errors, 2 left on base; Calgary 7 - Tijuana 0 |
| BOTTOM OF THE 7TH |
|
Tijuana Toros batting - Pitching for Calgary Flames : RHP Nick Munk
|
|
Now in CF: Antonio Martinez
|
|
|
Now in RF: Garrett Dodge
|
|
|
Pinch Hitting: SHB Luis Diaz
|
0-0: Ball 1-0: Ball 2-0: Foul Ball, location: 2F 2-1: Swinging Strike 2-2: Strikes out swinging
|
|
Batting: RHB Shiki Nomoto
|
0-0: Foul Ball, location: 2F 0-1: Swinging Strike 0-2: Ball 1-2: Strikes out swinging
|
|
Batting: RHB Will Barksdale
|
0-0: Called Strike 0-1: Ball 1-1: Ball 2-1: Fly out, F6 (Flyball, 6D, EV 87.5 MPH)
|
| Bottom of the 7th over - 0 runs, 0 hits, 0 errors, 0 left on base; Calgary 7 - Tijuana 0 |
| TOP OF THE 8TH |
|
Calgary Flames batting - Pitching for Tijuana Toros : RHP Juan Serrano
|
|
Now at 1B: John Hanson
|
|
|
Batting: LHB Ben Landry
|
0-0: Ball 1-0: Foul Ball, location: 2F 1-1: Swinging Strike 1-2: Strikes out looking
|
|
Batting: RHB Andy Thomas
|
0-0: Ball 1-0: Foul Ball, location: 2F 1-1: Ball 2-1: Swinging Strike 2-2: Ball 3-2: Foul Ball, location: 2F 3-2: Base on Balls
|
|
Pitching: RHP Eric Rossi
|
|
|
Batting: RHB Tyler Johnson
|
0-0: Called Strike 0-1: Fly out, F8 (Flyball, 8RM, EV 72.5 MPH)
|
|
Batting: RHB Pablo Henriquez
|
0-0: Ball 1-0: Ball 2-0: Fly out, F9 (Flyball, 89XD, EV 100.0 MPH)
|
| Top of the 8th over - 0 runs, 0 hits, 0 errors, 1 left on base; Calgary 7 - Tijuana 0 |
| BOTTOM OF THE 8TH |
|
Tijuana Toros batting - Pitching for Calgary Flames : RHP Nick Munk
|
|
Batting: RHB Tan-ming Kwan
|
0-0: Ball 1-0: Called Strike 1-1: Ball 2-1: Ball 3-1: Base on Balls
|
|
Batting: RHB Jerry Afghani
|
0-0: Ball 1-0: Fly out, F9 (Line Drive, 89M, EV 96.9 MPH)
|
|
Batting: RHB Yok-sing Zhào
|
0-0: Called Strike 0-1: Ball 1-1: Fly out, F7 (Flyball, 78M, EV 86.2 MPH)
|
|
Batting: RHB Mario Diaz
|
0-0: DOUBLE (Line Drive, 7D, EV 88.1 MPH) Tan-ming Kwan to third Runner from 3rd tries for Home, SAFE, throw by LF to trailing runner, SAFE at third!
|
|
Batting: RHB Jaylen North
|
0-0: Called Strike 0-1: Foul Ball, location: 2F 0-2: Foul Ball, location: 2F 0-2: Ball 1-2: Ball 2-2: Strikes out swinging
|
| Bottom of the 8th over - 1 run, 1 hit, 0 errors, 1 left on base; Calgary 7 - Tijuana 1 |
| TOP OF THE 9TH |
|
Calgary Flames batting - Pitching for Tijuana Toros : RHP Eric Rossi
|
|
Batting: RHB Antonio Martinez
|
0-0: Called Strike 0-1: Called Strike 0-2: Strikes out swinging
|
|
Batting: LHB Garrett Dodge
|
0-0: SINGLE (Line Drive, 56D, EV 97.5 MPH)
|
|
Batting: RHB Norinaga Yamakawakamatsu
|
0-0: Ball 1-0: Ball 2-0: Ball 3-0: Called Strike 3-1: Grounds into double play, U4-3 (Groundball, 6M, EV 83.1 MPH)
|
| Top of the 9th over - 0 runs, 1 hit, 0 errors, 0 left on base; Calgary 7 - Tijuana 1 |
| BOTTOM OF THE 9TH |
|
Tijuana Toros batting - Pitching for Calgary Flames : RHP Nick Munk
|
|
Batting: SHB Erick Hamburger
|
0-0: Ball 1-0: Called Strike 1-1: Ball 2-1: Fly out, F8 (Flyball, 8RD, EV 90.6 MPH)
|
|
Batting: RHB John Hanson
|
0-0: Fly out, F8 (Flyball, 8LM, EV 86.2 MPH)
|
|
Batting: RHB Shiki Nomoto
|
0-0: Ball 1-0: Called Strike 1-1: Called Strike 1-2: Ball 2-2: Ball 3-2: Base on Balls
|
|
Pitching: LHP Randy Latendresse
|
|
|
Batting: RHB Will Barksdale
|
0-0: Called Strike 0-1: Ball 1-1: Ball 2-1: 2-RUN HOME RUN (Flyball, 7LD, EV 94.4 MPH), Distance : 358 ft
|
|
Batting: RHB Tan-ming Kwan
|
0-0: Swinging Strike 0-1: Swinging Strike 0-2: Strikes out swinging
|
| Bottom of the 9th over - 2 runs, 1 hit, 0 errors, 0 left on base; Calgary 7 - Tijuana 3 |
|